 Dungeon Crawl Stone Soup version 0.29-a0-297-g7659ce593d (webtiles) character file.

Game seed: 4317765553945407908

4 Dabor the Stinger (level 1, 0/15 HPs)
             Began as a Naga Venom Mage on Mar 22, 2022.
             Slain by a quokka (3 damage)
             ... on level 1 of the Dungeon.
             The game lasted 00:00:34 (195 turns).

Dabor the Stinger (Naga Venom Mage)                  Turns: 195, Time: 00:00:34

Health: 0/15       AC:  2    Str: 10    XL:     1   Next: 70%
Magic:  0/3        EV:  9    Int: 15    God:
Gold:   7          SH:  0    Dex: 11    Spells: 3/4 levels left

rFire   . . .      SeeInvis +   (no weapon)
rCold   . . .      Faith    .   (no shield)
rNeg    . . .      Spirit   .   a - +0 robe
rPois   +          Reflect  .   (no helmet)
rElec   .          Harm     .   (no cloak)
rCorr   .          Rampage  .   c - +0 pair of gloves
Will    .....                   (no barding)
Stlth   ++........              (no amulet)
HPRegen 0.05/turn               (no ring)
MPRegen 0.08/turn               (no ring)

@: very slow
A: AC +0, large, see invisible, deformed body, poison resistance, slowness 2,
spit poison 1, naga tail 1
a: Spit Poison


You were on level 1 of the Dungeon.
You visited 1 branch of the dungeon, and saw 1 of its levels.

You collected 7 gold pieces.

Inventory:

Armour
 a - a +0 robe (worn)
 c - a +0 pair of gloves (worn)
Potions
 b - a potion of magic
 d - a potion of heal wounds {unknown}
 e - a potion of lignification {unknown}


   Skills:
 + Level 1.6 Dodging
 + Level 3.1 Stealth
 + Level 2.0 Spellcasting
 + Level 1.1 Transmutations
 + Level 4.1 Poison Magic


You had 3 spell levels left.
You knew the following spells:

 Your Spells              Type           Power      Damage    Failure   Level
a - Sting                 Tmut/Pois      36%        1d4       8%          1

Your spell library contained the following spells:

 Spells                   Type           Power      Damage    Failure   Level
 Poisonous Vapours        Pois/Air       14%        N/A       14%         2
 Mephitic Cloud           Conj/Pois/Air  5%         N/A       36%         3
 Olgreb's Toxic Radiance  Pois           13%        N/A       38%         4


Dungeon Overview and Level Annotations

Branches:
Dungeon (1/15)

Altars:


Innate Abilities, Weirdness & Mutations

Your serpentine skin is tough. (AC +0)
You have supernaturally acute eyesight. (SInv)
Armour fits poorly on your strangely shaped body.
Your system is resistant to poisons. (rPois)
You cover ground very slowly.
You can spit poison.
You have a snake-like lower body.


Message History

The sting hits the kobold.
The kobold is poisoned.
The kobold is severely wounded.
The endoplasm quivers.
You kill the kobold!
The bat hits you but does no damage. The bat hits you but does no damage.
The bat hits you but does no damage.
The kobold throws a stone.
The stone barely misses you. The bat hits you but does no damage.
The bat hits you. The quokka closely misses you.
Aiming: Spit Poison (3% risk of failure)
Press: ? - help, Shift-Dir - straight line The splash of poison hits the quokka but does no damage.
The quokka is poisoned.
The quokka bites you. The quokka barely misses you.
The sting misses the quokka.
The sting misses the goblin.
The quokka bites you but does no damage.
The sting hits the quokka but does no damage.
The quokka looks even sicker.
You have got your breath back.
The quokka closely misses you.
You barely miss the quokka. The quokka bites you.
You barely miss the quokka. The quokka bites you.
You hit the quokka but do no damage.
The quokka is lightly wounded.
The quokka barely misses you. The quokka bites you.
* * * LOW HITPOINT WARNING * * *
Casting: Sting (safe; 8% risk of failure)
Confirm with . or Enter, or press ? or * to list all spells.
Aiming: Sting (safe; 8% risk of failure)
Press: ? - help, Shift-Dir - straight line, f - goblin, p - quokka
Aim: a goblin, wielding a +2 dagger of freezing (60% to hit)
The sting hits the quokka.
The quokka looks even sicker.
The quokka is moderately wounded.
The quokka bites you.
* * * LOW HITPOINT WARNING * * *
You closely miss the quokka.
The quokka is moderately wounded.
The quokka twitches its whiskers.
The quokka bites you.
You die...

#$........# # ...)....#
#########.##
#####.....######...........
#.........##......##'''''##
#.#.#.[...##....###.......#
#...JK#....##.......... #.
#.#.#bg....##.......... . .....
#.#.##r#..#######'''###
..#.#.###.#.##@#..#K#..........
###.#.#.#........#..###..8.###.8.
...#.#.#..).)...#..#≈...........
#..............#..#≈≈..........
#......(.......#..#≈§≈..§......
#.........#..#.#..#≈§≈§§≈§.§≈≈≈
#.......######.#..#≈≈§§§§§§§§§≈
#.......+ ..#..#≈≈≈≈§≈≈<≈§§§
#.......# ##..#############


You could see an endoplasm, a quokka (very poisoned), a goblin, a bat and a
kobold.

Vanquished Creatures
  A ball python (D:1)
  2 goblins (D:1)
  A kobold (D:1)
4 creatures vanquished.

Notes
Turn   | Place    | Note
-------+----------+-------------------------------------------
     0 | D:1      | Dabor the Naga Venom Mage began the quest for the Orb.
     0 | D:1      | Reached XP level 1. HP: 15/15 MP: 3/3
   195 | D:1      | Slain by a quokka

Illustrated notes

Levels and vault maps discovered:
D:1:      lordsloth_arrival_two_stooges, layout_basic,
          ebering_ecumenical_altar_webs

Action                   || total
-------------------------++-------
Melee: Unarmed           ||     8
 Cast: Sting             ||     7
 Abil: Spit Poison       ||     2
Armor: Robe              ||     6
Dodge: Dodged            ||     6

Table legend: (Time is in decaauts)
 A = Elapsed time spent in this place.
 B = Non-inter-level travel time spent in this place.
 C = Inter-level travel time spent in this place.
 D = Time resting spent in this place.
 E = Time spent auto-exploring this place.
 F = Levels seen in this place.
 G = Mean time per level.
                   A        B        C        D        E       F      G
               +--------+--------+--------+--------+--------+-----+--------+
         Total |    245 |    245 |      0 |      0 |    177 |   1 |  245.0 |
       Dungeon |    245 |    245 |      0 |      0 |    177 |   1 |  245.0 |
               +--------+--------+--------+--------+--------+-----+--------+

Top non-repeatable levels by time:
     D:1: 245 daAuts
